Map: Glittering Ashes LE

Players

bto

  • Race: Zerg Zerg
  • League: Diamond
  • Spawn Location: 1:00

Osiris - Winner!

  • Race: Terran Terran
  • League: Diamond
  • Spawn Location: 7:00

VOD

Have the link to the VOD?

Description

Time

  • Played on: July 19, 2022, 12:56 p.m.
  • Length: 11:53
Show
View Real Time Build Order
Export as new Build Order

bto Zerg 

Build Orders: Hatch First 

Get SALT Encoding   

  12  0:00  Drone  
  13  0:13  Overlord  
  13  0:16  Drone  
  14  0:32  Drone x2  
  16  0:36  Drone  
  17  0:55  Drone  
  17  0:56  Hatchery  
  17  1:03  Drone  
  18  1:09  Extractor  
  18  1:18  Spawning Pool, Drone  
  18  1:19  Drone  
  18  1:28  Drone  
  19  1:42  Overlord  
  19  1:50  Drone  
  20  2:05  Queen  
  20  2:07  Zergling x2  
  23  2:09  Queen  
  23  2:10  Zergling x2  
  23  2:12  Drone  
  23  2:13  Metabolic Boost  
  27  2:20  Drone  
  28  2:41  Hatchery, Drone x4  
  29  2:52  Overlord  
  29  2:55  Queen  
  31  3:05  Drone x4  
  35  3:13  Overlord  
  35  3:19  Drone x3  
  38  3:28  Zergling x4  
  40  3:37  Queen  
  40  3:38  Queen  
  40  3:39  Drone  
  45  3:43  Drone x2  
  47  3:50  Overlord  
  47  3:51  Drone  
  47  3:52  Drone x2  
  50  3:59  Zergling x6  
  53  4:10  Queen  
  53  4:12  Zergling x6  
  53  4:13  Zergling x6, Pneumatized Carapace  
  61  4:19  Spore Crawler  
  61  4:23  Queen  
  62  4:30  Overlord  
  62  4:31  Overlord  
  62  4:39  Drone x3  
  62  4:41  Overlord  
  62  4:42  Overlord  
  65  4:48  Overlord x3  
  65  5:07  Drone  
  65  5:08  Drone x9  
  72  5:16  Lair  
  72  5:18  Drone  
  72  5:19  Drone  
  70  5:26  Drone x5  
  75  5:36  Baneling Nest, Drone x4  
  75  5:37  Drone  
  75  5:39  Hatchery  
  75  5:41  Extractor  
  77  5:43  Hatchery  
  77  5:44  Extractor  
  75  5:51  Drone x6  
  75  5:54  Evolution Chamber x2  
  79  5:59  Drone x5  
  84  6:05  Extractor  
  84  6:06  Extractor  
  84  6:10  Zergling x6  
  84  6:11  Zergling x6  
  88  6:19  Overlord x2  
  88  6:26  Zergling x8  
  88  6:27  Zergling x2  
  88  6:32  Centrifugal Hooks  
  93  6:35  Zergling x4  
  93  6:36  Zergling x6  
  98  6:41  Extractor, Hydralisk Den, Zergling x2  
  97  6:51  Zergling x6  
  97  6:53  Baneling x7  
  100  6:57  Overlord  
  100  7:05  Zergling x8  
  100  7:06  Zergling x16  
  100  7:07  Zerg Melee Weapons Level 1  
  100  7:08  Zerg Ground Armor Level 1  
  112  7:12  Zergling x4  
  114  7:15  Baneling  
  114  7:16  Baneling x5  
  114  7:19  Drone x3  
  114  7:20  Drone  
  118  7:23  Baneling x5  
  118  7:27  Zergling x10  
  118  7:28  Zergling x4  
  125  7:35  Infestation Pit  
  124  7:39  Baneling x4  
  124  7:40  Baneling  
  122  7:50  Zergling x2  
  122  7:51  Zergling x40  
  125  7:54  Overseer  
  137  8:00  Zergling x2  
  137  8:01  Zergling x4  
  140  8:06  Muscular Augments  
  140  8:07  Zergling x8  
  140  8:08  Zergling x2  
  145  8:27  Overlord x4  
  145  8:28  Overlord x4  
  145  8:48  Zergling x2  
  145  8:49  Zergling x38  
  145  8:51  Overseer  
  145  8:52  Overseer x2  
  111  9:11  Baneling x7  
  111  9:12  Baneling x9  
  111  9:13  Baneling, Hydralisk  
  111  9:14  Hydralisk x9  
  111  9:15  Hydralisk  
  134  9:17  Drone  
  134  9:18  Drone  
  116  9:34  Zergling x2  
  116  9:35  Zergling x26  
  130  9:46  Zergling x2  
  130  9:47  Zergling x8  
  134  9:54  Zergling x4  
  134  9:58  Zergling x2  
  134  9:59  Zergling x4  
  120  10:07  Baneling x3  
  120  10:08  Baneling x2  
  114  10:20  Zergling x2  
  106  10:26  Zergling x2  
  106  10:27  Zergling x16  
  106  10:28  Zergling x8  
  118  10:36  Hive  
  118  10:39  Grooved Spines  
  118  10:54  Zergling x2  
  118  10:55  Zergling x34  
  118  10:56  Hatchery  
  116  11:16  Baneling x9  
  114  11:21  Extractor, Zergling x2  
  114  11:22  Zergling x30  
  114  11:24  Extractor  
Show
View Real Time Build Order
Export as new Build Order

Osiris Terran - Winner!

Build Orders: Reaper Expand 

Get SALT Encoding   

  12  0:00  SCV  
  13  0:12  SCV  
  14  0:16  Supply Depot  
  14  0:24  SCV  
  15  0:38  SCV  
  15  0:42  Barracks  
  16  0:43  Refinery  
  16  0:50  SCV  
  17  1:02  SCV  
  18  1:14  SCV  
  19  1:28  Orbital Command  
  19  1:29  Reaper  
  20  1:39  Command Center  
  20  1:47  Supply Depot  
  20  1:54  SCV  
  21  2:01  Marine  
  22  2:06  SCV  
  23  2:08  Factory  
  23  2:18  SCV  
  23  2:20  Barracks Reactor  
  24  2:30  SCV  
  25  2:45  SCV  
  25  2:48  Command Center  
  26  2:53  Orbital Command  
  26  2:57  SCV  
  27  3:09  SCV, Hellion  
  27  3:10  Hellion  
  32  3:13  Barracks Tech Lab  
  32  3:20  SCV  
  32  3:21  SCV  
  34  3:31  Hellion x2, Stimpack  
  34  3:32  SCV, Marine  
  40  3:36  Barracks  
  40  3:38  SCV  
  41  3:43  Barracks  
  41  3:45  SCV  
  42  3:49  Marine  
  42  3:50  SCV  
  44  3:57  SCV  
  44  4:02  Orbital Command  
  45  4:05  SCV  
  45  4:07  Refinery  
  46  4:10  Marine  
  46  4:12  Supply Depot  
  46  4:14  SCV  
  48  4:17  SCV  
  48  4:18  Starport  
  48  4:22  Factory Tech Lab  
  48  4:23  Engineering Bay  
  49  4:25  Engineering Bay  
  49  4:26  SCV  
  49  4:29  SCV  
  51  4:33  Barracks Reactor  
  51  4:34  Supply Depot  
  51  4:35  SCV  
  51  4:37  Marine  
  53  4:38  SCV  
  53  4:41  SCV  
  53  4:42  Marine x2  
  57  4:46  Refinery  
  57  4:48  SCV, Refinery  
  57  4:50  SCV  
  59  4:53  Terran Infantry Weapons Level 1  
  59  5:00  SCV  
  59  5:04  Marine x3  
  63  5:11  Terran Infantry Armor Level 1  
  63  5:12  SCV x2  
  63  5:13  SCV  
  63  5:14  Marine x2  
  61  5:22  Siege Tank, Marine  
  61  5:23  Marine x2  
  61  5:27  Starport Reactor  
  61  5:28  SCV x2  
  66  5:31  Supply Depot, Marine  
  66  5:32  Supply Depot  
  66  5:33  Marine  
  69  5:38  SCV  
  69  5:39  Barracks  
  69  5:41  Barracks  
  69  5:42  Marine x3  
  73  5:48  SCV, Armory  
  73  5:49  SCV  
  75  5:50  Marine  
  75  5:51  Combat Shield  
  75  5:54  Supply Depot  
  76  5:58  Siege Tank  
  76  5:59  Marine  
  76  6:00  Supply Depot, SCV  
  76  6:03  SCV, Supply Depot  
  82  6:05  Marine  
  82  6:06  SCV, Marine  
  82  6:07  Marine  
  82  6:09  Marine  
  87  6:13  SCV  
  88  6:25  Supply Depot, SCV  
  89  6:26  SCV x2  
  89  6:29  Medivac x2  
  89  6:30  Supply Depot, Marine x3  
  89  6:31  Supply Depot, Marine  
  89  6:32  Barracks Reactor  
  99  6:33  Barracks Reactor  
  99  6:36  Orbital Command  
  99  6:47  Marine  
  99  6:48  Siege Tank  
  99  6:49  Marine x4  
  99  6:51  Terran Infantry Weapons Level 2  
  107  6:57  SCV x2  
  109  7:05  Marine  
  109  7:07  SCV, Marine  
  112  7:09  SCV, Terran Infantry Armor Level 2  
  113  7:18  Supply Depot  
  113  7:19  Supply Depot  
  113  7:20  Supply Depot, Marine  
  113  7:21  Marine x4  
  113  7:22  Marine x2  
  120  7:23  Siege Tank, Marine  
  120  7:24  SCV  
  120  7:25  SCV x2  
  120  7:29  Marine  
  128  7:30  Medivac  
  130  7:38  Marine  
  131  7:48  Marine x8  
  131  7:49  Medivac  
  132  7:56  Marine  
  132  7:58  Barracks  
  133  8:00  Barracks x2  
  133  8:01  Terran Vehicle Weapons Level 1  
  133  8:02  Siege Tank  
  136  8:05  Marine  
  136  8:06  Marine x2  
  136  8:07  Marine x5  
  143  8:19  Marine  
  143  8:23  Marine  
  143  8:24  Medivac x2, Marine x3  
  152  8:32  Marine x3  
  155  8:34  Marine  
  155  8:36  Siege Tank  
  155  8:37  Marine  
  160  8:41  Marine  
  161  8:49  Marine x2  
  161  8:52  Marine x2  
  165  8:55  Marine  
  165  8:58  Marine  
  165  8:59  Marine x2  
  165  9:00  Marine x3  
  165  9:01  Marine, Medivac x2  
  129  9:12  Marine x3  
  129  9:13  Siege Tank, Marine x2  
  129  9:16  Marine x2  
  138  9:22  Marine x5  
  140  9:30  Marine x3  
  140  9:31  Marine  
  143  9:35  Marine x3  
  147  9:39  Marine  
  147  9:40  Marine x3  
  151  9:48  Siege Tank  
  151  9:49  Medivac x2, Marine x4  
  160  9:55  Marine x2  
  146  10:08  Marine x5  
  146  10:09  Marine x3  
  147  10:15  Marine x4  
  146  10:25  Marine  
  146  10:26  Marine x5  
  146  10:27  Siege Tank, Marine x2, Medivac  
  146  10:28  Medivac  
  157  10:32  Marine  
  157  10:33  Marine x3  
  161  10:43  Marine x2  
  161  10:44  Marine x2  
  161  10:45  Marine  
  165  10:50  Supply Depot x2, Marine x2  
  165  10:51  Supply Depot, Marine x3  
  165  10:54  Marine x2  
  167  10:57  Medivac  
  167  10:59  Siege Tank  
  167  11:01  Marine  
  173  11:09  Marine x4  
  173  11:10  Marine x2  
  173  11:11  Marine x5  
  173  11:13  Medivac  
  180  11:19  Marine  
  181  11:26  Marine  
  181  11:27  Marine x3  
  181  11:28  Marine x2  
  181  11:29  Marine x3  
Tags
 
Add a new tag
Caveats
  • Supply blocks, unpowered buildings, or Contaminate may cause inaccurate times.
  • Supply counts are checked every 10 seconds.